 Dungeon Crawl Stone Soup version 0.24.0-125-gc4c63601f3 (webtiles) character file.

Game seed: 15021822953955213586, levelgen mode: deterministic

22750 Akano the Cleaver (level 12, -8/114 HPs)
             Began as a Deep Dwarf Fighter on Mar 19, 2020.
             Was a High Priest of Makhleb.
             Killed by divine providence
             ... invoked by an orc priest
              (10 damage)
             ... on level 2 of the Orcish Mines.
             The game lasted 01:29:39 (11233 turns).

Akano the Cleaver (Deep Dwarf Fighter)             Turns: 11233, Time: 01:29:40

Health: -8/114     AC: 18    Str: 27    XL:     12   Next: 65%
Magic:  0/0        EV: 17    Int: 12    God:    Makhleb [*****.]
Gold:   122        SH: 18    Dex: 16    Spells: 11/11 levels left

rFire    . . .     SeeInvis .   P - +3 hand axe
rCold    . . .     Gourm    .   c - +0 shield
rNeg     . . .     Faith    .   T - +5 leather armour of Zuplax {MR+ Dex+4}
rPois    .         Spirit   .   s - +0 helmet
rElec    .         Reflect  +   N - +0 cloak
rCorr    .         Harm     .   (no gloves)
MR       +++..                  h - +2 pair of boots {run}
Stlth    ++........             Y - +6 amulet of reflection
HPRegen  0.00/turn              r - +4 ring of protection
MPRegen  0.07/turn              n - ring of protection from magic

@: mighty, non-regenerating, lightly drained, quick
A: damage resistance, heal wounds, sense surroundings 2, no regeneration
a: Heal Wounds, Minor Destruction, Lesser Servant of Makhleb, Major Destruction,
Greater Servant of Makhleb, Renounce Religion


You were on level 2 of the Orcish Mines.
You worshipped Makhleb.
Makhleb was extremely pleased with you.
You were not hungry.

You visited 3 branches of the dungeon, and saw 13 of its levels.

You collected 1490 gold pieces.
You spent 1368 gold pieces at shops.

Inventory:

Hand Weapons
 x - a +4 quarterstaff of chaos
 D - a +2 antimagic great sword
 M - a +0 shortbow
 P - a +3 hand axe (weapon)
Missiles
 j - 280 arrows
 t - 83 bolts
 I - 7 javelins (quivered)
Armour
 c - a +0 shield (worn)
 h - a +2 pair of boots of running (worn)
 m - a +0 plate armour
 s - a +0 helmet (worn)
 K - a +3 chain mail of magic resistance
 N - a +0 cloak (worn)
 T - the +5 leather armour of Zuplax (worn) {MR+ Dex+4}
   (You bought it in a shop on level 2 of the Orcish Mines)

   It affects your dexterity (+4).
   It affects your resistance to hostile enchantments.
Magical Staves
 E - an uncursed staff of wizardry
Jewellery
 l - an uncursed ring of fire
 n - a ring of protection from magic (right hand)
 o - an uncursed amulet of the acrobat
 r - a +4 ring of protection (left hand)
 O - an uncursed ring of positive energy
 Y - a +6 amulet of reflection (around neck)
Wands
 w - a wand of enslavement (10)
 S - a wand of disintegration (18)
 U - a wand of acid (10)
 W - a wand of flame (21)
Scrolls
 e - 5 scrolls of teleportation
 g - 8 scrolls of remove curse
 k - 2 scrolls of enchant weapon
 p - a scroll of fear {unknown}
 y - 2 scrolls of identify
 z - 3 scrolls of enchant armour
 C - a scroll of immolation {unknown}
 G - a scroll of torment {unknown}
 J - a scroll of holy word {unknown}
 X - a scroll of brand weapon {unknown}
Potions
 b - 5 potions of curing
 d - a potion of might
 i - 3 potions of berserk rage
 q - a potion of agility {unknown}
 u - a potion of mutation
 v - a potion of resistance {unknown}
 A - a potion of flight {unknown}
 B - 2 potions of brilliance {unknown}
 F - 3 potions of lignification {unknown}
 L - a potion of ambrosia {unknown}
 Q - a potion of degeneration {unknown}
 R - a potion of magic {unknown}
 V - 2 potions of invisibility {unknown}
 Z - a potion of haste
Comestibles
 f - 7 rations


   Skills:
 * Level 9.3(9.1) Fighting
 + Level 11.7(11.5) Axes
 + Level 6.8(6.6) Armour
 * Level 9.0(8.8) Dodging
 - Level 4.0(3.8) Stealth
 * Level 9.1(8.9) Shields
 + Level 9.1(8.9) Invocations
 + Level 8.8(8.6) Evocations


You had 11 spell levels left.
You didn't know any spells.
Your spell library contained the following spells:

 Spells                   Type           Power        Failure   Level  Hunger
 Corona                   Hex            #......      63%         1    ##.....
 Flame Tongue             Conj/Fire      #....        63%         1    ##.....
 Ensorcelled Hibernation  Hex/Ice        #.....       77%         2    ###....
 Throw Flame              Conj/Fire      #.....       77%         2    ###....
 Confuse                  Hex            #.......     94%         3    ####...
 Conjure Flame            Conj/Fire      #.......     94%         3    ####...
 Dazzling Spray           Conj/Hex       #.....       94%         3    ####...
 Inner Flame              Hex/Fire       #.......     94%         3    ####...
 Tukima's Dance           Hex            #.......     94%         3    ####...
 Sticky Flame             Conj/Fire      #.......     100%        4    #####..
 Fireball                 Conj/Fire      #.........   100%        5    ######.


Dungeon Overview and Level Annotations

Branches:
Dungeon (10/15)            Temple (1/1) D:4             Orc (2/2) D:10
    Elf (0/3) Orc:2
   Lair: D:8-11

Altars:
Cheibriados
Dithmenos
Elyvilon
Fedhas
Gozag
Hepliaklqana
Kikubaaqudgha
Makhleb
Nemelex Xobeh
Okawaru
Qazlal
Ru
Trog
Uskayaw
Vehumet
Wu Jian
Xom
Yredelemnul
Zin
The Shining One

Shops:
D:10 (=:?   Orc:2 [


Innate Abilities, Weirdness & Mutations

You are resistant to damage.
You can heal yourself by infusing magical energy.
You passively map the area around you.
You do not regenerate.


Message History

You hit the orc knight.
The orc knight is lightly wounded.
You slash the orc knight!
The orc high priest prays to Beogh.
You block the orc knight's attack. You block the orc warrior's attack.
The orc priest casts a cantrip, but nothing happens.
You barely miss the orc knight.
The orc knight is almost dead.
You hit the orc knight.
The orc knight hits you with a +0 great sword!!
* * * LOW HITPOINT WARNING * * *
The orc priest calls down the wrath of Beogh upon you.
Beogh smites you!
* * * LOW HITPOINT WARNING * * *
The orc knight hits you with a +0 war axe!!
* * * LOW HITPOINT WARNING * * *
You block the orc priest's attack.
The orc priest invokes the aid of Beogh against you.
Beogh smites you!
You die...

............................,
#.....................4......#
......##.............o3.......
#.....................o......#
..............................
#.....#.............o.........
##....#..........ooo..........*
##...............oo..).)......
#..............@.............
##...#................##.....
##...................#......
#...#................#.#,,#
#.....................# *
,,...#......###......##
,,....###...# ####..## * ##.#
*..... #... * *#. ##.##


You could see 2 orc knights, an orc high priest, a sun demon, a hellwing, an orc
warrior and 4 orc priests.

Vanquished Creatures
  Jorgrun (Orc:2)
  2 orc warlords (Orc:1)
  An ettin (Orc:1)
  4 skeletal warriors (D:10)
  2 unseen horrors
  Pikel (D:8)
  2 orc knights (Orc:2)
  A deep elf mage (D:9)
  6 orc sorcerers
  A centaur zombie (D:10)
  5 trolls
  3 hippogriffs
  8 yaks
  Sigmund (D:4)
  5 humans (D:8)
  2 wargs
  Duvessa (D:5)
  16 orc warriors
  2 sky beasts
  2 black bears
  8 ogres
  2 centaurs
  2 big kobolds
  Blork the orc (D:5)
  6 bullfrogs
  Dowan (D:5)
  2 scorpions
  A water moccasin skeleton (D:9)
  6 killer bees (D:7)
  5 electric eels (D:8)
  5 howler monkeys
  2 crimson imps (D:9)
  2 hounds
  Crazy Yiuf (D:5)
  18 orc wizards
  20 orc priests
  2 jellies
  A bullfrog skeleton (D:5)
  2 iguanas
  8 worker ants
  A hound skeleton (D:9)
  A hound zombie (D:6)
  2 worker ant zombies
  Robin (D:4)
  6 adders
  A howler monkey skeleton (D:10)
  A shadow imp (D:6)
  2 oozes
  2 adder skeletons (D:6)
  2 worms
  2 dart slugs
  2 leopard geckos
  83 orcs
  14 bats
  5 giant cockroaches
  16 goblins
  15 hobgoblins
  8 jackals
  2 quokkas
  5 frilled lizards
  15 kobolds
  A leopard gecko skeleton (D:4)
  4 rats
352 creatures vanquished.

Vanquished Creatures (collateral kills)
  An orc warrior (Orc:1)
  An orc priest (Orc:1)
  2 orcs (Orc:1)
4 creatures vanquished.

Vanquished Creatures (others)
  A cyclops (Orc:2)
  An orc wizard (Orc:2)
2 creatures vanquished.

Grand Total: 358 creatures vanquished

Notes
Turn   | Place    | Note
-------+----------+-------------------------------------------
     0 | D:1      | Akano the Deep Dwarf Fighter began the quest for the Orb.
     0 | D:1      | Reached XP level 1. HP: 20/20 MP: 1/1
   195 | D:1      | Reached XP level 2. HP: 28/28 MP: 2/2
   341 | D:1      | Reached skill level 1 in Dodging
   732 | D:1      | Reached XP level 3. HP: 29/34 MP: 3/3
  1076 | D:2      | Reached skill level 3 in Axes
  1108 | D:2      | Found a basalt altar of Yredelemnul.
  1220 | D:2      | Reached XP level 4. HP: 35/42 MP: 4/4
  1804 | D:3      | Found a shimmering altar of Xom.
  2017 | D:3      | Reached skill level 4 in Axes
  2017 | D:3      | Reached XP level 5. HP: 46/50 MP: 4/4
  2515 | D:4      | Noticed Robin
  2526 | D:4      | Killed Robin
  2561 | D:4      | Noticed Sigmund
  2574 | D:4      | Killed Sigmund
  2574 | D:4      | Reached skill level 5 in Axes
  2574 | D:4      | Reached XP level 6. HP: 45/57 MP: 5/5
  2634 | D:4      | You fall into a shaft and drop 1 floor!
  2634 | D:5      | Entered Level 5 of the Dungeon
  2751 | D:4      | Found a staircase to the Ecumenical Temple.
  2777 | Temple   | Entered the Ecumenical Temple
  2795 | Temple   | Became a worshipper of Makhleb the Destroyer
  3057 | D:4      | Reached skill level 6 in Axes
  3057 | D:4      | Reached XP level 7. HP: 35/66 MP: 6/6
  3355 | D:5      | Noticed Blork the orc
  3374 | D:5      | Killed Blork the orc
  3374 | D:5      | Reached skill level 1 in Stealth
  3374 | D:5      | Reached skill level 1 in Invocations
  3374 | D:5      | Reached skill level 1 in Evocations
  3400 | D:5      | Noticed Duvessa
  3400 | D:5      | Noticed Dowan
  3432 | D:5      | Reached skill level 5 in Fighting
  3455 | D:5      | Killed Duvessa
  3469 | D:5      | Killed Dowan
  3469 | D:5      | Reached skill level 7 in Axes
  3469 | D:5      | Reached XP level 8. HP: 48/74 MP: 7/7
  3584 | D:5      | Found a runed translucent door.
  3585 | D:5      | Noticed Crazy Yiuf
  3600 | D:5      | Killed Crazy Yiuf
  4068 | D:6      | Reached * piety under Makhleb
  4373 | D:6      | Found a stormy altar of Qazlal.
  4976 | D:7      | Reached skill level 8 in Axes
  5065 | D:7      | Gained mutation: You passively map the area around you.
                  | [Deep Dwarf growth]
  5065 | D:7      | Reached XP level 9. HP: 62/82 MP: 8/8
  5104 | D:7      | Found an opulent altar of Gozag.
  5104 | D:7      | Found a basalt altar of Yredelemnul.
  5268 | D:7      | Reached ** piety under Makhleb
  5324 | D:7      | Found a sacrificial altar of Ru.
  5451 | D:7      | Reached skill level 5 in Dodging
  5805 | D:8      | Noticed Pikel
  5833 | D:8      | Killed Pikel
  5833 | D:8      | Reached skill level 9 in Axes
  5833 | D:8      | Reached skill level 5 in Evocations
  5941 | D:8      | Found a snail-covered altar of Cheibriados.
  5972 | D:8      | Reached skill level 5 in Invocations
  6137 | D:8      | Reached XP level 10. HP: 94/94 MP: 5/7
  6303 | D:8      | Reached *** piety under Makhleb
  6860 | D:8      | Identified a +2 pair of boots of running (You found it on
                  | level 8 of the Dungeon)
  7083 | D:9      | Found a shadowy altar of Dithmenos.
  7085 | D:9      | Found a glowing golden altar of the Shining One.
  7085 | D:9      | Found a hide-covered altar of Uskayaw.
  7086 | D:9      | Found a radiant altar of Vehumet.
  7284 | D:9      | Killed an unseen horror
  7369 | D:9      | Found a flagged portal.
  7382 | D:9      | Reached skill level 5 in Shields
  7403 | D:9      | Reached skill level 10 in Axes
  7403 | D:9      | Reached skill level 5 in Armour
  7581 | D:9      | Found a blossoming altar of Fedhas.
  7612 | D:9      | Noticed a deep elf mage
  7633 | D:9      | Killed a deep elf mage
  8110 | D:10     | Entered Level 10 of the Dungeon
  8168 | D:10     | Found Zoqyrchumuw's Antique Armour Emporium.
  8283 | D:10     | Found Deyll's Jewellery Emporium.
  8320 | D:10     | Bought a +4 ring of protection for 432 gold pieces
  8395 | D:10     | Found Faqunk's Book Boutique.
  8814 | D:10     | Found Zusmubb's Magic Scroll Boutique.
  8863 | D:10     | Bought a scroll of enchant armour for 120 gold pieces
  8993 | D:10     | Found Tadeg's Antique Weapon Emporium.
  8998 | D:10     | Found a staircase to the Orcish Mines.
  9016 | D:10     | Reached XP level 11. HP: 86/103 MP: 8/8
  9060 | D:10     | Noticed a skeletal warrior
  9061 | D:10     | Noticed a skeletal warrior
  9061 | D:10     | Noticed a skeletal warrior
  9092 | D:10     | Killed an unseen horror
  9123 | D:10     | Killed a skeletal warrior
  9132 | D:10     | Killed a skeletal warrior
  9142 | D:10     | Killed a skeletal warrior
  9324 | D:10     | Noticed a skeletal warrior
  9368 | D:10     | Killed a skeletal warrior
  9399 | Orc:1    | Entered Level 1 of the Orcish Mines
  9421 | Orc:1    | Noticed an orc sorcerer
  9424 | Orc:1    | Reached **** piety under Makhleb
  9436 | Orc:1    | Noticed an orc sorcerer
  9442 | Orc:1    | Killed an orc sorcerer
  9451 | Orc:1    | Noticed an orc warlord
  9464 | Orc:1    | Noticed an orc sorcerer
  9501 | Orc:1    | Killed an orc warlord
  9515 | Orc:1    | Killed an orc sorcerer
  9527 | Orc:1    | Killed an orc sorcerer
  9536 | Orc:1    | Reached skill level 11 in Axes
  9890 | Orc:1    | Noticed an ettin
  9936 | Orc:1    | Reached ***** piety under Makhleb
  9942 | Orc:1    | HP: 3/104 [ettin/cursed -1 dire flail (11)]
  9969 | Orc:1    | Killed an ettin
  9969 | Orc:1    | Reached XP level 12. HP: 71/112 MP: 3/3
 10043 | Orc:1    | Noticed an orc warlord
 10054 | Orc:1    | Killed an orc warlord
 10403 | Orc:2    | Entered Level 2 of the Orcish Mines
 10717 | Orc:2    | Found Raidum's Armour Shop.
 10780 | Orc:2    | Bought the +5 leather armour of Zuplax {MR+ Dex+4} for 816
                  | gold pieces
 10846 | Orc:2    | Found a staircase to the Elven Halls.
 10929 | Orc:2    | HP: 5/114 [orc knight/+0 great mace (12)]
 10997 | Orc:2    | Noticed Jorgrun
 11029 | Orc:2    | Killed Jorgrun
 11176 | Orc:2    | Noticed an orc high priest
 11232 | Orc:2    | HP: 2/114 [orc knight/+0 war axe (21)]
 11233 | Orc:2    | Killed from afar by an orc priest

Levels and vault maps discovered:
D:1:      shiori_arrival_maze, layout_loops_ring
D:2:      layout_rooms, first_ration, kennysheep_flooded_box
D:3:      layout_loops_ring, lemuel_crystal_altar, portal_sewer_entry_d
D:4:      layout_loops_ring, minmay_temple_entry_ruins, uniq_sigmund, uniq_robin
D:5:      layout_loops_ring, uniq_duvessa, uniq_blork_the_orc,
          uniq_crazy_yiuf_cottage
D:6:      layout_cave_pods, basic_altar
D:7:      layout_basic, nicolae_ru_great_annihilating_truth,
          gammafunk_temple_overflow_elements, serial_glass, glass_columns_c,
          glass_columns_a, glass_columns_b, glass_columns_a
D:8:      layout_basic, grunt_pizzeria, roderic_roman_lattice,
          kennysheep_diamond, grunt_decor_one_mirror, minmay_ruffians,
          uniq_pikel
D:9:      layout_gridville, chequers_temple_overflow_statue_of_worship,
          lemuel_round_altar, enter_bailey_2
D:10:     layout_grid_maze, orc_0_dummy, serial_shops, shop, shop_coins,
          nicolae_shop_stone, nicolae_shop_statue_plus,
          nicolae_shop_overgrown_old_shop
Temple:   cyrus_circular_temple
Orc:1:    layout_diamond_mine, minmay_orc_barracks
Orc:2:    st_orc_pillars, layout_diamond_mine, serial_shops, shop_coins,
          uniq_jorgrun

Skill      XL: |  1  2  3  4  5  6  7  8  9 10 11 12 |
---------------+-------------------------------------+-----
Fighting       | 3 4 5 6 7 8 9 |  9.3
Dodging        | 1 2 3 4 5 6 7 9 |  9.0
Axes           | 3 4 5 6 7 8 9 10 11 | 11.7
Stealth        | 2 3 4 |  4.0
Invocations    | 2 3 5 6 8 9 |  9.1
Evocations     | 2 3 5 6 8 |  8.8
Shields        | 4 5 7 9 |  9.1
Armour         | 4 5 6 |  6.8

Action                   |  1- 3 |  4- 6 |  7- 9 | 10-12 || total
-------------------------+-------+-------+-------+-------++-------
Melee: War axe           |   122 |   186 |   521 |   775 ||  1604
       Hand axe          |       |       |       |   270 ||   270
Invok: Minor Destruction |       |       |       |     4 ||     4
       Major Destruction |       |       |       |     3 ||     3
       Greater Servant o |       |       |       |     3 ||     3
       Lesser Servant of |       |       |       |     1 ||     1
 Abil: Heal Wounds       |     1 |     1 |    20 |    65 ||    87
  Use: Scroll            |     1 |     3 |     3 |       ||     7
       Potion            |       |       |       |     6 ||     6
 Stab: Distracted        |       |       |       |     2 ||     2
  Eat: Chunk             |     1 |     5 |     7 |     5 ||    18
       Ration            |       |       |     2 |     4 ||     6
Armor: Scale mail        |    44 |       |       |       ||    44
       Plate armour      |    19 |   100 |   281 |   583 ||   983
       Chain mail        |       |       |       |    61 ||    61
       Leather armour    |       |       |       |    16 ||    16
       Skin              |       |       |       |     2 ||     2
Dodge: Dodged            |    56 |    62 |   157 |   232 ||   507
Block: Shield            |    69 |   102 |   267 |   913 ||  1351
       Reflection        |       |       |       |    14 ||    14
